 Dungeon Crawl Stone Soup version 0.25-a0-700-g7f8a7979f0 (webtiles) character file.

Game seed: 16138199386537622742, levelgen mode: deterministic

6853 kae the Martial Artist (level 11, -1/100 HPs)
             Began as a Naga Transmuter on Apr 2, 2020.
             Was a Believer of Uskayaw.
             Slain by an orc
             ... wielding a +0 halberd
              (7 damage)
             ... in a bailey.
             The game lasted 00:10:42 (10731 turns).

kae the Martial Artist (Naga Transmuter)           Turns: 10731, Time: 00:10:42

Health: -1/100     AC: 10    Str: 12    XL:     11   Next: 6%
Magic:  16/22      EV: 10    Int: 17    God:    Uskayaw [**....]
Gold:   488        SH:  0    Dex: 12    Spells: 10/25 levels left

rFire    x . .     SeeInvis +     - Unarmed
rCold    + + +     Gourm    .   (shield currently unavailable)
rNeg     . . .     Faith    .   (armour currently unavailable)
rPois    +         Spirit   .   (helmet currently unavailable)
rElec    .         Reflect  .   (cloak currently unavailable)
rCorr    .         Harm     .   (gloves currently unavailable)
MR       +....     Rnd*Rage +   (no barding)
Stlth    +.........             (no amulet)
HPRegen  0.26/turn              (no ring)
MPRegen  0.18/turn              n - +4 ring of protection

@: ice-form, very slightly contaminated
A: large, see invisible, berserk 1, slow metabolism 1, spit poison 1, MP-powered
wands, AC +3
a: Spit Poison, End Transformation, Stomp, Line Pass, Renounce Religion


You were in a bailey.
You worshipped Uskayaw.
Uskayaw was noncommittal.
You were hungry.
You were a creature of crystalline ice.
You visited 2 branches of the dungeon, and saw 11 of its levels.
You also visited: Bailey.

You collected 488 gold pieces.

Inventory:

Missiles
 a - 174 arrows
Armour
 b - a +1 robe
 r - +0 steam dragon scales (melded)
 t - a +0 cloak (melded)
Jewellery
 k - an uncursed ring of magical power
 n - a +4 ring of protection (right front paw)
 s - an uncursed ring of resist corrosion
 v - an uncursed ring of fire
Wands
 e - a wand of flame (8)
 h - a wand of random effects (15)
 i - a wand of iceblast (13)
 y - a wand of acid (9)
Scrolls
 c - 7 scrolls of remove curse
 f - a scroll of immolation
 l - 3 scrolls of enchant weapon
 o - a scroll of identify
 p - 2 scrolls of teleportation
 q - a scroll of enchant armour
 u - a scroll of fog
Potions
 g - 2 potions of stabbing
 j - 3 potions of curing
 m - a potion of haste
 w - 2 potions of berserk rage
 x - a potion of invisibility
 A - a potion of flight
Comestibles
 d - 16 rations


   Skills:
 - Level 1.0 Fighting
 - Level 1.5 Dodging
 * Level 11.9 Unarmed Combat
 + Level 7.9 Spellcasting
 + Level 8.6 Transmutations


You had 10 spell levels left.
You knew the following spells:

 Your Spells              Type           Power        Failure   Level  Hunger
a - Beastly Appendage     Tmut           #####.       1%          1    None
b - Sticks to Snakes      Tmut           #####...     1%          2    None
c - Spider Form           Tmut/Pois      ###.......   5%          3    #......
d - Ice Form              Ice/Tmut       ###.....     19%         4    ###....
e - Blade Hands           Tmut           #####.....   9%          5    #####..

Your spell library contained the following spells:

 Spells                   Type           Power        Failure   Level  Hunger
 Corona                   Hex            #......      11%         1    None
 Summon Small Mammal      Summ           #...         11%         1    None
 Call Imp                 Summ           #.......     16%         2    None
 Ensorcelled Hibernation  Hex/Ice        #.....       16%         2    None
 Call Canine Familiar     Summ           #.......     32%         3    #......
 Confusing Touch          Hex            #.......     32%         3    #......
 Dazzling Flash           Conj/Hex       #.....       32%         3    #......
 Summon Guardian Golem    Hex/Summ       #.......     32%         3    #......
 Tukima's Dance           Hex            #.......     32%         3    #......
 Summon Ice Beast         Ice/Summ       #.......     71%         4    ###....
 Summon Lightning Spire   Summ/Air       #.......     71%         4    ###....


Dungeon Overview and Level Annotations

Branches:
Dungeon (10/15)            Temple (1/1) D:4            Lair (0/6) D:9
    Orc (0/2) D:10         Bailey (1/1)

Altars:
Ashenzari
Cheibriados
Dithmenos
Elyvilon
Fedhas
Gozag
Hepliaklqana
Kikubaaqudgha
Makhleb
Nemelex Xobeh
Okawaru
Qazlal
Ru
Sif Muna
Trog
Uskayaw
Vehumet
Wu Jian
Xom
Yredelemnul
Zin
The Shining One

Shops:
D:8 :

Annotations:
D:4 1 runed translucent door, Crazy Yiuf
D:9 1 runed translucent door, grmr's ghost, novice MiBe


Innate Abilities, Weirdness & Mutations

You cannot wear boots.
((Your serpentine skin is tough. (AC +3)))
You have supernaturally acute eyesight. (SInv)
((Armour fits poorly on your strangely shaped body.))
((Your system is resistant to poisons. (rPois)))
((You cover ground very slowly.))
You have a slow metabolism.
You can spit poison.
You tend to lose your temper in combat.
((You are covered in fur. (AC +1)))
You expend magic power (3 MP) to strengthen your wands.


Message History

The orc closely misses you.
The orc hits you from afar with a +0 trident.
The orc hits you from afar with a +0 spear.
You can now pass through a line of other dancers.
You pummel the orc warrior!! You freeze the orc warrior!
You kill the orc warrior!
The orc hits you with a +0 spear.
* * * LOW HITPOINT WARNING * * *
The orc hits you with a +0 halberd!
* * * LOW HITPOINT WARNING * * *
The orc hits you but does no damage. x2
The orc hits you from afar with a +3 halberd!
* * * LOW HITPOINT WARNING * * *
The orc hits you with a +0 spear.
* * * LOW HITPOINT WARNING * * *
The orc closely misses you. The orc barely misses you.
The orc hits you from afar with a +0 spear.
* * * LOW HITPOINT WARNING * * *
The orc hits you with a +0 halberd!
You die...

###########
##.∩........
#...........
#.Yoo.......
#∩o.)oo.....
#oooo.......
#...........
##.∩........
###########


You could see 9 orcs.

Vanquished Creatures
  A two-headed ogre (D:8)
  Nergalle (D:10)
  Maurice (D:8)
  Maggie (D:10)
  Grinder (D:6)
  A wraith (D:10)
  A wyvern (D:10)
  Menkaure (D:6)
  3 black bears
  5 orc warriors
  2 ice beasts
  2 sky beasts
  A phantom (D:4)
  3 ogres
  6 centaurs
  2 necrophages
  A crocodile (D:8)
  2 gnoll sergeants
  4 bullfrogs
  6 scorpions
  5 wights (D:9)
  A howler monkey (D:9)
  A crimson imp (D:6)
  A centaur zombie (D:10)
  2 hounds
  6 jellies
  A quasit (D:9)
  8 orc priests
  7 orc wizards
  A centaur skeleton (D:8)
  Ijyb (D:5)
  7 worker ants
  A hound zombie (D:8)
  A hound skeleton (D:4)
  7 adders
  11 gnolls
  3 shadow imps
  5 oozes (D:8)
  An adder zombie (D:5)
  3 worms (D:2)
  4 dart slugs
  7 leopard geckos
  39 orcs
  7 giant cockroaches
  4 goblins
  4 hobgoblins
  10 jackals
  A quokka (D:2)
  4 bats
  4 frilled lizards
  4 kobolds
  3 rats
209 creatures vanquished.

Notes
Turn   | Place    | Note
-------+----------+-------------------------------------------
     0 | D:1      | kae the Naga Transmuter began the quest for the Orb.
     0 | D:1      | Reached XP level 1. HP: 18/18 MP: 3/3
   229 | D:1      | Reached XP level 2. HP: 25/25 MP: 3/5
   823 | D:1      | Learned a level 2 spell: Sticks to Snakes
   949 | D:2      | Found a shimmering altar of Xom.
   950 | D:2      | Found a shimmering altar of Xom.
   969 | D:2      | Noticed a necrophage
   987 | D:2      | Killed a necrophage
   987 | D:2      | Reached skill level 4 in Unarmed Combat
   987 | D:2      | Reached XP level 3. HP: 22/31 MP: 7/7
   987 | D:2      | Reached XP level 4. HP: 27/38 MP: 8/8
  1077 | D:2      | Learned a level 3 spell: Spider Form
  1266 | D:2      | Reached XP level 5. HP: 44/44 MP: 2/9
  2213 | D:3      | Found a shimmering blue altar of Sif Muna.
  2248 | D:4      | Reached skill level 5 in Unarmed Combat
  2248 | D:4      | Reached XP level 6. HP: 28/51 MP: 6/10
  2569 | D:4      | Found a staircase to the Ecumenical Temple.
  2610 | D:4      | Found a runed translucent door.
  2647 | Temple   | Entered the Ecumenical Temple
  2746 | Temple   | Became a worshipper of Uskayaw the Reveler
  3004 | D:4      | Reached * piety under Uskayaw
  3282 | D:4      | Reached ** piety under Uskayaw
  3332 | D:4      | Noticed a phantom
  3379 | D:4      | Killed a phantom
  3711 | D:4      | Noticed Crazy Yiuf
  3769 | D:5      | Entered Level 5 of the Dungeon
  3798 | D:5      | Noticed Ijyb
  3808 | D:5      | Killed Ijyb
  3972 | D:5      | Reached XP level 7. HP: 30/57 MP: 9/12
  4177 | D:5      | Found a burning altar of Makhleb.
  4238 | D:5      | Reached skill level 6 in Unarmed Combat
  4863 | D:6      | Noticed Grinder
  4994 | D:6      | You fall into a shaft and drop 3 floors!
  5010 | D:9      | Reached *** piety under Uskayaw
  5017 | D:9      | Reached **** piety under Uskayaw
  5021 | D:9      | Reached ***** piety under Uskayaw
  5027 | D:9      | Reached skill level 7 in Unarmed Combat
  5027 | D:9      | Reached XP level 8. HP: 42/64 MP: 11/14
  5236 | D:7      | Reached skill level 5 in Transmutations
  5502 | D:6      | Gained mutation: You tend to lose your temper in combat.
                  | [potion of mutation]
  5502 | D:6      | Gained mutation: You expend magic power (3 MP) to
                  | strengthen your wands. [potion of mutation]
  5502 | D:6      | Gained mutation: You are covered in fur. (AC +1) [potion of
                  | mutation]
  5514 | D:6      | Killed Grinder
  5516 | D:6      | Reached skill level 5 in Spellcasting
  5548 | D:6      | Reached skill level 8 in Unarmed Combat
  5862 | D:6      | Reached XP level 9. HP: 57/70 MP: 13/17
  5957 | D:6      | Learned a level 4 spell: Ice Form
  5963 | D:6      | Learned a level 5 spell: Blade Hands
  6040 | D:6      | Noticed Menkaure
  6046 | D:6      | Killed Menkaure
  6087 | D:6      | Reached skill level 9 in Unarmed Combat
  7158 | D:8      | Noticed a two-headed ogre
  7170 | D:8      | Killed a two-headed ogre
  7170 | D:8      | Reached skill level 10 in Unarmed Combat
  7607 | D:8      | Reached XP level 10. HP: 55/78 MP: 15/19
  8349 | D:8      | Noticed Maurice
  8361 | D:8      | Killed Maurice
  8717 | D:8      | Found Toarphakh's Book Shop.
  9451 | D:9      | Found a runed translucent door.
  9454 | D:9      | Noticed grmr's ghost (novice MiBe)
  9658 | D:9      | Reached skill level 11 in Unarmed Combat
  9702 | D:9      | Found a staircase to the Lair.
  9991 | D:10     | Entered Level 10 of the Dungeon
 10069 | D:10     | Noticed Maggie
 10076 | D:10     | Killed Maggie
 10251 | D:10     | Found a staircase to the Orcish Mines.
 10451 | D:10     | Found a flagged portal.
 10453 | D:10     | Noticed Nergalle
 10469 | D:10     | Killed Nergalle
 10469 | D:10     | Reached XP level 11. HP: 84/84 MP: 22/22
 10479 | Bailey   | Entered a bailey
 10731 | Bailey   | Slain by an orc

Levels and vault maps discovered:
D:1:      mrwooster_arrival_arrow, layout_basic
D:2:      layout_loops_ring, first_ration, xom_redecorated
D:3:      layout_basic, lemuel_blue_sif_altar
D:4:      layout_basic, minmay_temple_entry_butterflies, uniq_crazy_yiuf_cottage
D:5:      layout_loops_ring, marbit_many_paths, uniq_ijyb
D:6:      layout_loops_ring, uniq_menkaure, uniq_grinder
D:7:      minmay_inner_zag, layout_loops_ring
D:8:      layout_layer_cave, serial_shops, nicolae_shop_crystal,
          hangedman_little_slice_of_home, grunt_ministairs_11, uniq_maurice
D:9:      layout_small_grid, lair_entry_dummy, hellmonk_ghost_happy_afterlife
D:10:     layout_loops_corners, orc_0_dummy, enter_bailey_2, uniq_erica,
          uniq_maggie, uniq_nergalle
Temple:   grunt_wide_crystal_templ
Bailey:   bailey_polearm_5, bailey

Skill      XL: |  1  2  3  4  5  6  7  8  9 10 |
---------------+-------------------------------+-----
Unarmed Combat | 4 5 7 8 10 11 | 11.9
Transmutations | 3 4 5 7 8 |  8.6
Spellcasting   | 3 4 5 6 7 |  7.9
Fighting       | |  1.0
Dodging        | |  1.5

Action                   |  1- 3 |  4- 6 |  7- 9 | 10-12 || total
-------------------------+-------+-------+-------+-------++-------
Melee: Unarmed           |    59 |   142 |   292 |   260 ||   753
       Punch             |     2 |       |     2 |     4 ||     8
       Headbutt          |       |     4 |     2 |     2 ||     8
 Cast: Beastly Appendage |    12 |    11 |     4 |     3 ||    30
       Spider Form       |       |    12 |    28 |    17 ||    57
       Sticks to Snakes  |       |     1 |     1 |       ||     2
       Blade Hands       |       |       |       |     4 ||     4
       Ice Form          |       |       |       |     1 ||     1
 Abil: Spit Poison       |       |     1 |     2 |     2 ||     5
Evoke: Wand              |       |       |     1 |       ||     1
  Use: Scroll            |     1 |     9 |     9 |     1 ||    20
       Potion            |       |     4 |     3 |     1 ||     8
 Stab: Sleeping          |       |     2 |     1 |     1 ||     4
       Paralysed         |       |       |     4 |     9 ||    13
  Eat: Chunk             |       |     8 |    12 |     5 ||    25
       Ration            |       |       |       |     2 ||     2
Armor: Robe              |     8 |    15 |    37 |    24 ||    84
       Skin              |       |     8 |    35 |    36 ||    79
       Steam dragon scal |       |       |       |    28 ||    28
Dodge: Dodged            |    36 |    91 |   237 |   186 ||   550

Table legend:
 A = Non-vault XP
 B = Vault XP
 C = Vault XP percentage of total XP
 D = Non-vault monster count
 E = Vault monster count
 F = Vault count percentage of total count
                 A         B        C        D         E       F
            +---------+---------+-------+---------+---------+-------
      Total |    7253 |    2538 |  25.9 |     186 |      23 |  11.0
            +---------+---------+-------+---------+---------+-------
        D:1 |      20 |       0 |   0.0 |      10 |       0 |   0.0
        D:2 |     181 |       0 |   0.0 |      18 |       0 |   0.0
        D:3 |      30 |       0 |   0.0 |      10 |       0 |   0.0
        D:4 |     271 |       0 |   0.0 |      10 |       0 |   0.0
        D:5 |     464 |      38 |   7.6 |      19 |       1 |   5.0
        D:6 |     990 |     455 |  31.5 |      19 |       2 |   9.5
        D:7 |     754 |      43 |   5.4 |      33 |       4 |  10.8
        D:8 |    1813 |     642 |  26.2 |      18 |      11 |  37.9
        D:9 |    1376 |       0 |   0.0 |      24 |       0 |   0.0
       D:10 |    1354 |    1229 |  47.6 |      25 |       2 |   7.4
     Bailey |       0 |     131 | 100.0 |       0 |       3 | 100.0
            +---------+---------+-------+---------+---------+-------
